 Dungeon Sprint DCSS version 0.26-a0-660-gc07710193c (webtiles) character file.

Game seed: 5909660990039005018

6808 mhtbhm the Carver (level 10, -12/153 HPs)
             Began as a Minotaur Berserker on Oct 6, 2020.
             Was the Champion of Trog.
             Mangled by a polar bear (14 damage)
             ... summoned by a spriggan berserker
             ... in the Dungeon (Sprint IV: "Fedhas' Mad Dash").
             The game lasted 00:05:23 (2647 turns).

mhtbhm the Carver (Minotaur Berserker)              Turns: 2647, Time: 00:05:23

Health: -12/153    AC:  2    Str: 25    XL:     10   Next: 77%
Magic:  9/9        EV: 15    Int:  4    God:    Trog [******]
Gold:   202        SH:  0    Dex: 10    Spells: 9/9 levels left

rFire    . . .     SeeInvis .   a - +2 scimitar (vorpal)
rCold    + . .     Faith    .   (no shield)
rNeg     . . .     Spirit   .   b - +0 animal skin
rPois    .         Reflect  .   (helmet restricted)
rElec    .         Harm     .   (no cloak)
rCorr    .         Rampage  .   (no gloves)
MR       .....     NoTele   +   (no boots)
Stlth    ..........             i - amulet of invisibility {+Inv}
HPRegen  0.35/turn              m - ring of flight
MPRegen  0.11/turn              r - ring of protection from cold

@: berserking, very quick
A: retaliatory headbutt, horns 2
a: Berserk, Trog's Hand, Brothers in Arms, Renounce Religion, Evoke
Invisibility, Evoke Flight


You were in the Dungeon.
You worshipped Trog.
Trog was exalted by your worship.
You visited 1 branch You collected 202 gold pieces.

Inventory:

Hand Weapons
 a - a +2 vorpal scimitar (weapon)
Armour
 b - a +0 animal skin (worn)
 o - a +0 kite shield
Jewellery
 i - the amulet of invisibility (around neck) {+Inv}
   (You found it in the Dungeon)

   [amulet of nothing]

   It lets you turn invisible.
 m - a ring of flight (left hand)
 r - a ring of protection from cold (right hand)
Scrolls
 h - a scroll of blinking
 j - 4 scrolls of identify {unknown}
 k - a scroll of enchant weapon {unknown}
 n - a scroll of immolation {unknown}
 q - a scroll of amnesia {unknown}
Potions
 c - a potion of curing
 d - 2 potions of heal wounds
 e - a potion of haste
 f - 2 potions of magic
 g - 2 potions of berserk rage
 l - a potion of lignification {unknown}
Miscellaneous
 p - a tin of tremorstones (3/3)


   Skills:
 + Level 13.6 Fighting
 + Level 14.8 Long Blades
 + Level 5.4 Armour
 + Level 8.0 Dodging
 + Level 13.0 Stealth
 + Level 10.3 Evocations


You had 9 spell levels left.
You didn't know any spells.
Your spell library was empty.

Dungeon Overview and Level Annotations

Branches:
Dungeon (1/1)

Altars:
Cheibriados
Dithmenos
Elyvilon
Gozag
Hepliaklqana
Kikubaaqudgha
Makhleb
Nemelex Xobeh
Okawaru
Qazlal
Ru
Sif Muna
Trog
Uskayaw
Vehumet
Wu Jian
Xom
Yredelemnul
Zin
The Shining One
Beogh
Jiyva
Lugonu

Shops:
D *=(:=(!}


Innate Abilities, Weirdness & Mutations

You reflexively headbutt those who attack you in melee.
You have a pair of horns on your head.


Message History

You are too injured to fight recklessly!
You are too injured to fight recklessly!
You are too injured to fight recklessly!
You miss the spriggan berserker.
The spriggan berserker is moderately wounded.
The polar bear bites you!!
* * * LOW HITPOINT WARNING * * *
The polar bear claws you.
* * * LOW HITPOINT WARNING * * *
The polar bear misses you.
You slash the spriggan berserker! You headbutt the spriggan berserker!
The spriggan berserker is severely wounded.
The spriggan berserker hits you with a +0 hand axe!
* * * LOW HITPOINT WARNING * * *
Unknown command.
You closely miss the spriggan berserker.
You headbutt the spriggan berserker!
The spriggan berserker is almost dead.
The polar bear bites you!
You die...

#'##.._._._._._..#.)##∩∩.'...####
...#._._._._._.⌠.################
...###################......###.)
####♣♣♣♣♣..♣)###.'.('.......'.'..
.|'......♣..♣##:.#..#.....).#####
..#♣..♣♣♣.♣).###.##'##.P....#
.)#.♣♣..♣...♣'...#♣.♣########
#### #############.....####
#@.♣..♣....# #.ih♣......♣...
........♣.)...∩.∩.
..#################


You could see a spriggan berserker and a polar bear (summoned, berserk).

Vanquished Creatures
  Agnes (D)
  A spriggan druid (D)
  6 oklob plants (D)
  A demonic crawler (D)
  3 burning bushes (D)
  A queen bee (D)
  A hornet (D)
  3 wandering mushrooms (D)
  2 scorpions (D)
  4 killer bees (D)
  5 oklob saplings (D)
  A worker ant (D)
  5 spriggans (D)
  A river rat (D)
  A rat (D)
  A ballistomycete spore (D)
37 creatures vanquished.

Vanquished Creatures (others)
  A fungus (D)
1 creature vanquished.

Grand Total: 38 creatures vanquished

Notes
Turn   | Place    | Note
-------+----------+-------------------------------------------
     0 | D        | mhtbhm the Minotaur Berserker began the quest for the Orb.
     0 | D        | Reached XP level 1. HP: 19/19 MP: 0/0
     9 | D        | Reached skill level 4 in Long Blades
     9 | D        | Reached XP level 2. HP: 28/28 MP: 1/1
    65 | D        | Noticed an oklob sapling
    66 | D        | Killed an oklob sapling
    66 | D        | Reached ** piety under Trog
    66 | D        | Reached skill level 5 in Fighting
    66 | D        | Reached skill level 6 in Long Blades
    66 | D        | Reached XP level 3. HP: 37/37 MP: 2/2
   108 | D        | Found the amulet of invisibility {+Inv}
   134 | D        | Found an opulent altar of Gozag.
   134 | D        | Found a hazy altar of Hepliaklqana.
   134 | D        | Found a burning altar of Makhleb.
   134 | D        | Found a roughly hewn altar of Beogh.
   134 | D        | Found a sparkling altar of Nemelex Xobeh.
   134 | D        | Found a snail-covered altar of Cheibriados.
   134 | D        | Found a sacrificial altar of Ru.
   134 | D        | Found a shimmering blue altar of Sif Muna.
   134 | D        | Found a shimmering altar of Xom.
   134 | D        | Found a basalt altar of Yredelemnul.
   135 | D        | Found a viscous altar of Jiyva.
   135 | D        | Found a bloodstained altar of Trog.
   135 | D        | Found an ornate altar of the Wu Jian Council.
   135 | D        | Noticed an oklob sapling priest
   136 | D        | Found an iron altar of Okawaru.
   136 | D        | Found a shadowy altar of Dithmenos.
   136 | D        | Found a glowing silver altar of Zin.
   137 | D        | Found an ancient bone altar of Kikubaaqudgha.
   137 | D        | Found a hide-covered altar of Uskayaw.
   138 | D        | Found a stormy altar of Qazlal.
   138 | D        | Found a white marble altar of Elyvilon.
   138 | D        | Found a glowing golden altar of the Shining One.
   139 | D        | Found a corrupted altar of Lugonu.
   139 | D        | Found a radiant altar of Vehumet.
   148 | D        | Killed an oklob sapling priest
   148 | D        | Reached skill level 7 in Long Blades
   148 | D        | Reached skill level 1 in Stealth
   148 | D        | Reached XP level 4. HP: 16/48 MP: 1/3
   492 | D        | Reached skill level 8 in Long Blades
   492 | D        | Reached skill level 1 in Evocations
   492 | D        | Reached XP level 5. HP: 53/53 MP: 1/4
   541 | D        | Reached *** piety under Trog
   543 | D        | Reached skill level 9 in Long Blades
   561 | D        | Found Fefuczum's Jewellery Shop.
   561 | D        | Found Yscher's Assorted Antiques.
   848 | D        | Reached **** piety under Trog
   895 | D        | Noticed a queen bee
   901 | D        | Reached skill level 10 in Long Blades
   901 | D        | Reached XP level 6. HP: 66/66 MP: 2/5
   911 | D        | Killed a queen bee
   911 | D        | Reached skill level 10 in Fighting
   911 | D        | Reached skill level 5 in Armour
   914 | D        | Reached skill level 11 in Long Blades
   914 | D        | Reached skill level 5 in Dodging
   914 | D        | Reached XP level 7. HP: 73/73 MP: 3/6
   916 | D        | Reached skill level 5 in Stealth
   920 | D        | Reached ***** piety under Trog
  1184 | D        | Noticed an oklob plant
  1198 | D        | Killed an oklob plant
  1198 | D        | Reached skill level 5 in Evocations
  1198 | D        | Reached XP level 8. HP: 78/82 MP: 4/7
  1422 | D        | Noticed a burning bush
  1431 | D        | Killed a burning bush
  1431 | D        | Reached skill level 12 in Long Blades
  1475 | D        | Noticed a burning bush
  1475 | D        | Noticed an oklob plant
  1476 | D        | Noticed a wandering mushroom
  1482 | D        | Killed a burning bush
  1494 | D        | Killed an oklob plant
  1504 | D        | Received a gift from Trog
  1504 | D        | Reached XP level 9. HP: 78/90 MP: 8/8
  1648 | D        | Noticed a spriggan druid
  1652 | D        | Killed a spriggan druid
  1652 | D        | Reached skill level 13 in Long Blades
  1652 | D        | Reached skill level 10 in Stealth
  1718 | D        | Noticed an oklob plant conjurer
  1721 | D        | Killed an oklob plant conjurer
  1787 | D        | Noticed Agnes
  1793 | D        | Noticed an oklob plant
  1793 | D        | Noticed an oklob plant summoner
  1794 | D        | Noticed an oklob plant shifter
  1802 | D        | Killed an oklob plant
  1805 | D        | Killed an oklob plant summoner
  1809 | D        | Killed an oklob plant shifter
  1809 | D        | Reached ****** piety under Trog
  1809 | D        | Received a gift from Trog
  1879 | D        | Noticed a demonic crawler
  1884 | D        | Killed a demonic crawler
  1884 | D        | Reached XP level 10. HP: 62/100 MP: 6/9
  2103 | D        | Noticed a spriggan rider
  2104 | D        | Found Akemaos's Distillery.
  2114 | D        | Reached skill level 14 in Long Blades
  2116 | D        | Found Gumurul's Gadget Shoppe.
  2322 | D        | Received a gift from Trog
  2328 | D        | Found Vuaroll's Antique Weapon Emporium.
  2328 | D        | Found Wemizoc's Jewellery Shoppe.
  2459 | D        | Found Veintuq's Weapon Emporium.
  2459 | D        | Noticed a spriggan berserker
  2461 | D        | Found Siakil's Book Shoppe.
  2467 | D        | Killed Agnes
  2467 | D        | Reached skill level 10 in Evocations
  2646 | D        | HP: 2/153 [spriggan berserker/+0 hand axe (17)]
  2647 | D        | Mangled by a polar bear

Illustrated notes

Levels and vault maps discovered:
D:        dungeon_sprint_fedhas [sprint_temple]

Skill      XL: |  1  2  3  4  5  6  7  8  9 10 |
---------------+-------------------------------+-----
Fighting       | 4 5 7 8 9 10 11 12 13 | 13.6
Long Blades    | 4 6 7 8 10 11 12 13 14 | 14.8
Armour         | 3 4 5 |  5.4
Dodging        | 3 4 5 6 7 8 |  8.0
Stealth        | 1 3 4 6 9 11 13 | 13.0
Evocations     | 1 2 3 5 7 9 10 | 10.3

Action                   |  1- 3 |  4- 6 |  7- 9 | 10-12 || total
-------------------------+-------+-------+-------+-------++-------
Melee: Falchion          |    12 |    29 |    42 |       ||    83
       Headbutt          |     4 |     9 |    18 |     7 ||    38
       Scimitar          |       |       |    17 |    26 ||    43
Invok: Berserk           |     3 |     3 |     7 |     4 ||    17
 Abil: Evoke Invisibilit |     1 |     3 |     4 |     2 ||    10
 Stab: Invisible         |     2 |     4 |     7 |     1 ||    14
       Sleeping          |     1 |     1 |     4 |     1 ||     7
Armor: Animal skin       |       |       |     1 |     2 ||     3
Dodge: Dodged            |     1 |    12 |    15 |    17 ||    45
       Rpst.: Falchion   |       |     5 |     3 |       ||     8
       Scimitar          |       |       |       |     6 ||     6

Table legend: (Time is in decaauts)
 A = Elapsed time spent in this place.
 B = Non-inter-level travel time spent in this place.
 C = Inter-level travel time spent in this place.
 D = Time resting spent in this place.
 E = Time spent auto-exploring this place.
 F = Levels seen in this place.
 G = Mean time per level.
                   A        B        C        D        E       F      G
               +--------+--------+--------+--------+--------+-----+--------+
         Total |   2765 |   2765 |      0 |   2109 |      0 |   1 | 2765.0 |
       Dungeon |   2765 |   2765 |      0 |   2109 |      0 |   1 | 2765.0 |
               +--------+--------+--------+--------+--------+-----+--------+

Top non-repeatable levels by time:
       D: 2765 daAuts
